 Dungeon Crawl Stone Soup version 0.21.0-3-g78d12a8 (webtiles) character file.

171 JeffiDaFish the Shooter (level 5, -3/26 HPs)
             Began as a Spriggan Hunter on Jan 17, 2018.
             Slain by an orc wizard
             ... wielding a +0 dagger
              (5 damage)
             ... on level 3 of the Dungeon.
             The game lasted 00:10:43 (2759 turns).

JeffiDaFish the Shooter (Spriggan Hunter)           Turns: 2759, Time: 00:10:45

Health: -3/26      AC:  3    Str:  8    XL:     5   Next: 26%
Magic:  6/6        EV: 20    Int: 13    God:
Gold:   111        SH:  0    Dex: 17    Spells: 4/4 levels left

rFire    . . .     SeeInvis +   a - +1 shortbow
rCold    . . .     Gourm    .   (shield currently unavailable)
rNeg     . . .     Faith    .   c - +1 robe
rPois    .         Spirit   .   (helmet restricted)
rElec    .         Reflect  .   (no cloak)
rCorr    .         Harm     .   (gloves unavailable)
MR       .....                  (boots unavailable)
Stlth    +++.......             (no amulet)
HPRegen  0.08/turn              (no ring)
MPRegen  0.10/turn              (no ring)

@: very quick
A: very small, unfitting armour, see invisible, herbivore, speed 3, slow
metabolism 2
a: no special abilities


You were on level 3 of the Dungeon.
You were not hungry.

You visited 1 branch of the dungeon, and saw 3 of its levels.

You collected 111 gold pieces.

Inventory:

Hand Weapons
 a - a +1 shortbow (weapon)
 b - a +0 short sword
Missiles
 e - 4 tomahawks (quivered)
Armour
 c - a +1 robe (worn)
Wands
 h - a wand of paralysis (12)
Scrolls
 g - 2 scrolls of identify
Comestibles
 f - a ration


   Skills:
 - Level 1.8 Fighting
 + Level 1.5 Short Blades
 + Level 6.0 Bows
 * Level 4.7 Dodging
 * Level 4.3 Stealth


You had 4 spell levels left.
You didn't know any spells.

Dungeon Overview and Level Annotations

Branches:
Dungeon (3/15)

Altars:
Dithmenos


Innate Abilities, Weirdness & Mutations

You are very small and have problems with some larger weapons.
You are too small for most types of armour.
You have supernaturally acute eyesight. (SInv)
You are a herbivore.
You cover ground extremely quickly.
You need consume almost no food.


Message History

You throw a tomahawk.
The tomahawk closely misses the orc wizard.
The orc wizard closely misses you.
Throwing (i - inventory):
e - 6 tomahawks (quivered)
Press: ? - help, Shift-Dir - straight line, f/p - orc wizard
Aim: an orc wizard, wielding a dagger and wearing a robe (severely wounded, fast)
You throw a tomahawk.
The tomahawk barely misses the orc wizard.
The orc wizard barely misses you.
The orc wizard hits you but does no damage.
Throwing (i - inventory):
e - 5 tomahawks (quivered)
Press: ? - help, Shift-Dir - straight line, f/p - orc wizard
Aim: an orc wizard, wielding a dagger and wearing a robe (severely wounded, fast)
You throw a tomahawk.
The tomahawk closely misses the orc wizard.
The orc wizard gestures at you while chanting.
The magic dart hits you!
* * * LOW HITPOINT WARNING * * *
The orc wizard hits you with a dagger.
You die...

#.###....##.......#..##
#.........##.....##...#
#####......##...##....#
##.#....#####.....#
#.#........)..<.##
#.#..<.....#...##
#.......)..##.##
####...........#
#(...(.o@......#
###)##........####
..............#
###(###.####### #.
#.....# (. #####.# ##
###.### #.....# #.###.#


You could see an orc wizard.

Vanquished Creatures
  An orc wizard (D:3)
  6 adders
  A worm (D:3)
  A dart slug (D:1)
  2 leopard geckos
  11 orcs (D:3)
  2 bats (D:2)
  4 giant cockroaches
  5 goblins
  7 hobgoblins
  9 jackals
  A quokka (D:3)
  3 frilled lizards
  8 kobolds
  8 rats
69 creatures vanquished.

Notes
Turn   | Place    | Note
-------+----------+-------------------------------------------
     0 | D:1      | JeffiDaFish the Spriggan Hunter began the quest for the Orb.
     0 | D:1      | Reached XP level 1. HP: 10/10 MP: 2/2
    12 | D:1      | Reached skill level 5 in Bows
   263 | D:1      | Reached XP level 2. HP: 15/15 MP: 3/3
  1175 | D:2      | Reached XP level 3. HP: 10/18 MP: 4/4
  1587 | D:2      | Reached XP level 4. HP: 23/23 MP: 5/5
  1680 | D:2      | Reached skill level 1 in Short Blades
  2175 | D:3      | Found a shadowy altar of Dithmenos.
  2191 | D:3      | Reached skill level 6 in Bows
  2191 | D:3      | Reached XP level 5. HP: 20/26 MP: 6/6
  2469 | D:3      | Paralysed by an orc for 3 turns
  2476 | D:3      | Paralysed by an orc for 6 turns
  2759 | D:3      | Slain by an orc wizard

Skill      XL: |  1  2  3  4 |
---------------+-------------+-----
Bows           | 5 6 |  6.0
Stealth        | 2 4 |  4.3
Short Blades   | 1 |  1.5
Dodging        | 4 |  4.7
Fighting       | |  1.8

Action                   |  1- 3 |  4- 6 || total
-------------------------+-------+-------++-------
Melee: Short sword       |    70 |    27 ||    97
 Fire: Shortbow          |    76 |   105 ||   181
Throw: Tomahawk          |       |     6 ||     6
  Use: Potion            |     3 |       ||     3
       Scroll            |     4 |     1 ||     5
 Stab: Distracted        |     1 |       ||     1
       Sleeping          |     1 |       ||     1
Armor: Robe              |    10 |     6 ||    16
Dodge: Dodged            |    83 |    43 ||   126
